 Dungeon Crawl Stone Soup version 0.31.0-4-g52a2dc7128 (webtiles) character file.

Game seed: 14123407545767767812

2724 Arcadio the Skirmisher (level 9, -1/68 (71) HPs)
             Began as a Gnoll Hunter on Jan 22, 2024.
             Was an Initiate of Ru.
             Killed from afar by Erica (27 damage)
             ... with a bolt of poison
             ... on level 8 of the Dungeon.
             The game lasted 00:21:14 (6876 turns).

Arcadio the Skirmisher (Gnoll Hunter)               Turns: 6876, Time: 00:21:16

HP:   -1/68 (71)    AC: 12    Str: 11    XL:     9   Next: 67%
MP:   15/15         EV: 13    Int:  9    God:    Ru [......]
Gold: 322           SH:  5    Dex: 19    Spells: 15/17 levels left

rFire   + . .        b - +3 trident (vamp)
rCold   . . .        (no shield)
rNeg    . . .        E - +0 steam dragon scales
rPois   .            (no helmet)
rElec   .            m - +1 cloak
rCorr   .            i - +1 pair of gloves
SInv    .            x - +1 pair of boots "Voskygha" {rF+}
Will    .....        e - amulet of reflection
Stlth   +++          (no ring)
HPRegen 0.31/turn    (no ring)
MPRegen 0.14/turn

%: reflection
@: lethally poisoned (-1 -> -18), constricted, lightly drained
A: fangs 1, strong nose, distributed training
a: Renounce Religion


You were on level 8 of the Dungeon.
You worshipped Ru.
Ru was noncommittal.
You visited 2 branches of the dungeon, and saw 9 of its levels.

You collected 322 gold pieces.

Inventory:

Hand Weapons
 a - a +0 shortbow
 b - a +3 vampiric trident (weapon)
 w - a +0 short sword of draining
Missiles
 z - a throwing net
Armour
 c - a +0 leather armour
 i - a +1 pair of gloves (worn)
 m - a +1 cloak (worn)
 x - the +1 pair of boots "Voskygha" (worn) {rF+}
   (You found it on level 5 of the Dungeon)

   rF+:       It protects you from fire.
 E - +0 steam dragon scales (worn)
Jewellery
 e - an amulet of reflection (around neck)
Scrolls
 f - a scroll of silence
 g - 2 scrolls of immolation
 h - 2 scrolls of fog
 l - 3 scrolls of revelation
 n - 3 scrolls of blinking {unknown}
 p - a scroll of amnesia {unknown}
 v - a scroll of vulnerability {unknown}
 y - 3 scrolls of teleportation
 A - a scroll of enchant armour {unknown}
 F - a scroll of enchant weapon {unknown}
Potions
 d - 2 potions of attraction
 j - 3 potions of enlightenment
 k - 3 potions of haste
 o - a potion of resistance {unknown}
 q - 3 potions of mutation
 s - a potion of magic {unknown}
 t - a potion of curing
 u - 3 potions of brilliance
 B - a potion of might {unknown}
 C - a potion of lignification {unknown}
 D - a potion of ambrosia {unknown}


   Skills:
 + Level 6.6 Fighting
 + Level 4.6 Short Blades
 + Level 4.6 Long Blades
 + Level 4.6 Axes
 + Level 4.6 Maces & Flails
 + Level 4.6 Polearms
 + Level 4.6 Staves
 + Level 9.8 Ranged Weapons
 + Level 4.6 Throwing
 + Level 4.6 Armour
 + Level 6.6 Dodging
 + Level 5.2 Stealth
 + Level 4.6 Shields
 + Level 4.6 Unarmed Combat
 + Level 4.6 Spellcasting
 + Level 3.8 Conjurations
 + Level 3.8 Hexes
 + Level 3.8 Summonings
 + Level 3.8 Necromancy
 + Level 3.8 Translocations
 + Level 3.8 Fire Magic
 + Level 3.8 Ice Magic
 + Level 3.8 Air Magic
 + Level 3.8 Earth Magic
 + Level 3.8 Alchemy
 + Level 5.1 Invocations
 + Level 4.6 Evocations
 + Level 4.2 Shapeshifting


You had 15 spell levels left.
You knew the following spells:

 Your Spells              Type           Power      Damage    Failure   Level
a - Mercury Vapours       Alch/Air       18%        N/A       8%          2

Your spell library contained the following spells:

 Spells                   Type           Power      Damage    Failure   Level
 Freeze                   Ice            36%        1d5       5%          1
 Frozen Ramparts          Ice            18%        1d3       16%         3
 Hailstorm                Conj/Ice       9%         3d6       16%         3
 Mephitic Cloud           Conj/Alch/Air  9%         N/A       16%         3
 Freezing Cloud           Conj/Ice/Air   4%         6-21      82%         5


Dungeon Overview and Level Annotations

Branches:
Dungeon (8/15)             Temple (1/1) D:7
   Lair: D:8-11

Altars:
Ashenzari
Cheibriados
Dithmenos
Elyvilon
Fedhas
Gozag
Hepliaklqana
Kikubaaqudgha
Makhleb
Nemelex Xobeh
Okawaru
Qazlal
Ru
Sif Muna
Trog
Vehumet
Wu Jian
Xom
Yredelemnul
Zin
The Shining One

Shops:
D:5 :   D:7 :

Annotations:
D:8 Erica, Jeremiah


Innate Abilities, Weirdness & Mutations

You have very sharp teeth.
Your uncanny sense of smell can sniff out nearby items.
Your experience applies equally to all skills.


Message History

You shoot an arrow. The arrow closely misses Erica.
The arrow hits the butterfly but does no damage.
You feel very sick.
The butterfly disappears in a burst of colours!
Fire: a) +0 shortbow
Press: ? - help, Q - select action, (/) - cycle Shift-Dir - straight line, f/p - Erica
Aim: Erica, wielding a +2 scimitar of flaming and wearing a ring of fire (moderately wounded, 57% to hit)
You shoot an arrow. The arrow closely misses Erica.
The arrow hits the butterfly.
You kill the butterfly!
The butterfly disappears in a burst of colours!
You feel sick.
Erica boasts, "Reason would be justified, if not for me!"
Fire: a) +0 shortbow
Press: ? - help, Q - select action, (/) - cycle Shift-Dir - straight line, f/p - Erica
Aim: Erica, wielding a +2 scimitar of flaming and wearing a ring of fire (moderately wounded, 57% to hit)
Okay, then.
You feel very sick. Erica misses you. Erica grabs you.
You stop ascending the stairs.
Erica constricts you.
You feel a sense of dread.
b - a +3 vampiric trident (weapon)
You feel sick.
You puncture Erica!
You feel better.
You bite Erica, but do no damage.
Erica is heavily wounded.
You feel sick.
Erica stares at you and mumbles some strange words.
The bolt of poison hits you!!
You are more poisoned.
Erica constricts you.
Jeremiah hits you from afar with a +4 trident of draining.
You feel drained. Erica completely misses you. Erica constricts you.
It was a potion of curing.
You feel better.
Jeremiah hits you from afar with a +4 trident of draining.
You feel drained.
Erica stares at you and mumbles some strange words.
The bolt of poison hits you!!
You are poisoned.
You die...
Erica begins burbling mirthfully and uncontrollably.

#..#####
#.....@#
#...b.xbb...#
.$b..bbFb..##
...b.b..b...#
.b..........#
...b....###.#
.b.....## ..
......# ..


You could see Erica and Jeremiah.

Vanquished Creatures
  A wyvern (D:7)
  A steam dragon (D:7)
  5 sky beasts
  2 black bears
  2 ice beasts
  2 phantoms
  5 bullfrogs
  A gnoll sergeant (D:5)
  6 scorpions
  A bombardier beetle (D:5)
  A hound (D:7)
  A gnoll bouda (D:7)
  4 iguanas
  Terence (D:2)
  Jessica (D:2)
  Natasha (thrice) (D:2)
  5 orc wizards
  9 gnolls
  8 adders
  A shadow imp (D:7)
  3 white imps
  2 ufetubi (D:6)
  2 ribbon worms
  2 dart slugs
  16 orcs
  9 endoplasms
  A giant cockroach (D:3)
  8 goblins
  12 hobgoblins
  4 quokkas
  9 ball pythons
  9 bats
  3 frilled lizards
  7 kobolds
  7 rats
154 creatures vanquished.

Notes
Turn   | Place    | Note
-------+----------+-------------------------------------------
     0 | D:1      | Arcadio the Gnoll Hunter began the quest for the Orb.
     0 | D:1      | Reached XP level 1. HP: 20/20 MP: 1/1
    67 | D:1      | Reached XP level 2. HP: 26/26 MP: 2/2
   287 | D:1      | Reached XP level 3. HP: 31/31 MP: 3/3
   562 | D:2      | Reached skill level 1 in Invocations
   580 | D:2      | Reached skill level 1 in Short Blades
   580 | D:2      | Reached skill level 1 in Long Blades
   580 | D:2      | Reached skill level 1 in Axes
   580 | D:2      | Reached skill level 1 in Maces & Flails
   580 | D:2      | Reached skill level 1 in Polearms
   580 | D:2      | Reached skill level 1 in Staves
   580 | D:2      | Reached skill level 1 in Throwing
   580 | D:2      | Reached skill level 1 in Armour
   580 | D:2      | Reached skill level 1 in Shields
   580 | D:2      | Reached skill level 1 in Unarmed Combat
   580 | D:2      | Reached skill level 1 in Spellcasting
   580 | D:2      | Reached skill level 1 in Evocations
   626 | D:2      | Noticed Natasha
   628 | D:2      | Killed Natasha
   629 | D:2      | Reached skill level 1 in Shapeshifting
   629 | D:2      | Reached XP level 4. HP: 38/38 MP: 5/5
   713 | D:2      | Noticed Jessica
   714 | D:2      | Killed Jessica
   715 | D:2      | Reached skill level 1 in Conjurations
   715 | D:2      | Reached skill level 1 in Hexes
   715 | D:2      | Reached skill level 1 in Summonings
   715 | D:2      | Reached skill level 1 in Necromancy
   715 | D:2      | Reached skill level 1 in Translocations
   715 | D:2      | Reached skill level 1 in Fire Magic
   715 | D:2      | Reached skill level 1 in Ice Magic
   715 | D:2      | Reached skill level 1 in Air Magic
   715 | D:2      | Reached skill level 1 in Earth Magic
   715 | D:2      | Reached skill level 1 in Alchemy
   802 | D:2      | Noticed Natasha
   804 | D:2      | Noticed Terence
   978 | D:2      | Killed Terence
   979 | D:2      | Reached XP level 5. HP: 26/43 MP: 5/7
  1059 | D:2      | Killed Natasha
  1409 | D:2      | Noticed Natasha
  1414 | D:2      | Killed Natasha
  1415 | D:2      | Reached XP level 6. HP: 50/50 MP: 8/8
  1564 | D:3      | Reached skill level 5 in Fighting
  1564 | D:3      | Reached skill level 5 in Dodging
  1772 | D:3      | Identified the +0 ring mail of Meonwughy {Str+4 Slay-2}
  2663 | D:3      | Reached XP level 7. HP: 56/56 MP: 10/10
  2935 | D:4      | Reached skill level 9 in Ranged Weapons
  3395 | D:5      | Entered Level 5 of the Dungeon
  3495 | D:5      | Found Ubeann's Book Shop.
  3531 | D:5      | Identified the +1 pair of boots "Voskygha" {rF+}
  3573 | D:5      | Reached XP level 8. HP: 63/63 MP: 12/12
  5396 | D:7      | Found Vorecane's Book Emporium.
  5437 | D:7      | Reached XP level 9. HP: 58/69 MP: 14/14
  5521 | D:7      | Found a staircase to the Ecumenical Temple.
  5537 | Temple   | Entered the Ecumenical Temple
  5610 | Temple   | Became a worshipper of Ru the Awakened
  5725 | D:7      | Found a radiant altar of Vehumet.
  5758 | D:7      | Found a blossoming altar of Fedhas.
  5758 | D:7      | Found an ornate altar of the Wu Jian Council.
  5758 | D:7      | Found an iron altar of Okawaru.
  6124 | D:7      | Reached skill level 5 in Stealth
  6302 | D:7      | Reached skill level 5 in Invocations
  6566 | Temple   | Learned a level 2 spell: Mercury Vapours
  6851 | D:8      | Noticed Erica
  6863 | D:8      | Noticed Jeremiah
  6876 | D:8      | Killed from afar by Erica

Illustrated notes

Levels and vault maps discovered:
D:1:      dpeg_arrival_three_same_balls, layout_basic, kennysheep_pointless_box
D:2:      layout_basic, uniq_terence, uniq_jessica, uniq_natasha
D:3:      layout_basic, chequers_serial_rivers_small_3, corexii_corridor_pit
D:4:      minmay_thinvault, layout_basic, minmay_statues_item
D:5:      layout_rooms, serial_shops, shop, chequers_serial_rivers_micro_c,
          minmay_misc_feat_pillars, hangedman_decor_points, minivault_26
D:6:      layout_basic
D:7:      layout_loops_ring, chequers_temple_overflow_statue_of_worship,
          minmay_temple_entry_slanted, serial_shops, shop, corexii_checkpoint,
          kennysheep_generic_room_2
D:8:      layout_layer_cave, uniq_erica, uniq_gastronok, uniq_jeremiah
Temple:   minmay_temple_bridge_d

Skill      XL: |  1  2  3  4  5  6  7  8  9 |
---------------+----------------------------+-----
Invocations    | 1 2 3 4 5 |  5.1
Short Blades   | 1 2 3 4 |  4.6
Long Blades    | 1 2 3 4 |  4.6
Axes           | 1 2 3 4 |  4.6
Maces & Flails | 1 2 3 4 |  4.6
Polearms       | 1 2 3 4 |  4.6
Staves         | 1 2 3 4 |  4.6
Throwing       | 1 2 3 4 |  4.6
Armour         | 1 2 3 4 |  4.6
Shields        | 1 2 3 4 |  4.6
Unarmed Combat | 1 2 3 4 |  4.6
Spellcasting   | 1 2 3 4 |  4.6
Evocations     | 1 2 3 4 |  4.6
Shapeshifting  | 1 2 3 4 |  4.2
Conjurations   | 1 2 3 |  3.8
Hexes          | 1 2 3 |  3.8
Summonings     | 1 2 3 |  3.8
Necromancy     | 1 2 3 |  3.8
Translocations | 1 2 3 |  3.8
Fire Magic     | 1 2 3 |  3.8
Ice Magic      | 1 2 3 |  3.8
Air Magic      | 1 2 3 |  3.8
Earth Magic    | 1 2 3 |  3.8
Alchemy        | 1 2 3 |  3.8
Stealth        | 3 4 5 |  5.2
Fighting       | 5 6 |  6.6
Dodging        | 5 6 |  6.6
Ranged Weapons | 9 |  9.8

Action                     |  1- 3 |  4- 6 |  7- 9 || total
---------------------------+-------+-------+-------++-------
  Melee: Short sword       |       |    64 |    36 ||   100
         Bite              |       |    10 |     9 ||    19
         Punch             |       |       |     2 ||     2
         Trident           |       |       |    31 ||    31
         Shortbow          |       |       |     2 ||     2
   Fire: Shortbow          |    96 |   145 |   411 ||   652
   Cast: Mercury Vapours   |       |       |     1 ||     1
    Use: Scroll            |     2 |     6 |     5 ||    13
         Potion            |       |       |     1 ||     1
   Stab: Distracted        |       |     1 |       ||     1
 Armour: Leather armour    |    12 |    65 |   153 ||   230
         Steam dragon scal |       |       |     9 ||     9
  Dodge: Dodged            |    21 |    91 |   186 ||   298
  Block: Other             |       |    40 |    43 ||    83
         Reflection        |       |       |     2 ||     2
